 Dungeon Crawl Stone Soup version 0.30.0-18-gc0e69614cb (webtiles) character file.

Game seed: 14196916313948875290

2 CaptainMV the Charlatan (level 1, -7/15 HPs)
             Began as a Demonspawn Wanderer on May 25, 2023.
             Killed themself with a badly aimed burst of rock shards (19 damage)
             ... on level 1 of the Dungeon.
             The game lasted 00:01:30 (55 turns).

CaptainMV the Charlatan (Demonspawn Wanderer)         Turns: 55, Time: 00:01:36

Health: -7/15      AC:  2    Str: 10    XL:     1   Next: 25%
Magic:  1/2        EV: 11    Int: 12    God:
Gold:   0          SH:  0    Dex: 15    Spells: 1/2 levels left

rFire   . . .        a - +0 dagger
rCold   . . .        (no shield)
rNeg    . . .        d - +0 robe
rPois   .            (no helmet)
rElec   .            (no cloak)
rCorr   .            (no gloves)
SInv    .            (no boots)
Will    .....        (no amulet)
Stlth   +            (no ring)
HPRegen 0.22/turn    (no ring)
MPRegen 0.08/turn

%: no passive effects
@: no status effects
A: no striking features
a: no special abilities


You were on level 1 of the Dungeon.
You visited 1 branch of the dungeon, and saw 1 of its levels.

Inventory:

Hand Weapons
 a - a +0 dagger (weapon)
Armour
 d - a +0 robe (worn)
Jewellery
 f - a ring of willpower
Scrolls
 b - a scroll of fog
Potions
 c - a potion of berserk rage
Miscellaneous
 e - a tin of tremorstones (2/2) (quivered)


   Skills:
 + Level 1.0 Fighting
 + Level 1.0 Dodging
 + Level 1.0 Spellcasting
 + Level 1.7 Fire Magic
 + Level 5.1 Evocations


You had one spell level left.
You knew the following spells:

 Your Spells              Type           Power      Damage    Failure   Level
a - Foxfire               Conj/Fire      8%         2x1d4     22%         1

Your spell library contained the following spells:

 Spells                   Type           Power      Damage    Failure   Level
 Ignite Poison            Fire/Tmut/Pois 2%         N/A       56%         3


Dungeon Overview and Level Annotations

Branches:
Dungeon (1/15)

Altars:


Message History

The endoplasm barely misses you.
You hit the endoplasm but do no damage.
The endoplasm is heavily wounded.
The endoplasm hits you.
You hit the endoplasm.
The endoplasm is severely wounded.
The endoplasm barely misses you.
You hit the endoplasm.
The endoplasm is almost dead.
The endoplasm closely misses you.
You hit the endoplasm.
You kill the endoplasm!
You see here a frilled lizard corpse.
The hobgoblin shouts!
An endoplasm comes into view.
Okay, then.
Non-targeted evoke: tin of tremorstones (2/2)
Press: ? - help, Q - select action, (/) - cycle Dir - look around, f - activate
Okay, then.
An endoplasm and a hobgoblin come into view.
The endoplasm quivers.
The hobgoblin hits you.
You hit the hobgoblin.
The hobgoblin is moderately wounded.
The hobgoblin closely misses you.
You barely miss the hobgoblin.
The hobgoblin is moderately wounded.
The hobgoblin barely misses you.
Non-targeted evoke: tin of tremorstones (2/2)
Press: ? - help, Q - select action, (/) - cycle Dir - look around, f - activate The tremorstone explodes into fragments!
The burst of rock shards engulfs the hobgoblin!!
You kill the hobgoblin!
The burst of rock shards engulfs the hobgoblin!!
You kill the hobgoblin!
The burst of rock shards engulfs the endoplasm!
You kill the endoplasm!
The burst of rock shards engulfs you!!
Ouch! That really hurt!
You die...

#+#......# .........###
...........#
..........# ♣♣
#........# #.♣♣♣
#..?.....# #...♣
#.......# #...♣
#...†@..# #...♣
#.......### ##...♣
#........†.#######.....
#..J.#####.....##......
#.... #####.#8..8..8
.....# #.'....... #....
#.'......< .....
#.'....... ###8..8..8


You could see an endoplasm.

Vanquished Creatures
  2 endoplasms (D:1)
  2 hobgoblins (D:1)
  A frilled lizard (D:1)
5 creatures vanquished.

Vanquished Creatures (others)
  3 foxfires (D:1)
3 creatures vanquished.

Grand Total: 8 creatures vanquished

Notes
Turn   | Place    | Note
-------+----------+-------------------------------------------
     0 | D:1      | CaptainMV the Demonspawn Wanderer began the quest for the
                  | Orb.
     0 | D:1      | CaptainMV set off with the following items: a +0 dagger, a
                  | scroll of fog, a potion of berserk rage, a +0 robe, a tin
                  | of tremorstones (2/2); and the following spell memorised:
                  | Foxfire; and the following spells available to memorise:
                  | Ignite Poison.
     0 | D:1      | Reached XP level 1. HP: 15/15 MP: 2/2
    55 | D:1      | Killed themself with a badly aimed burst of rock shards

Illustrated notes

Levels and vault maps discovered:
D:1:      kennysheep_arrival_forest, layout_basic, minmay_tromino_v4_c

Action                     || total
---------------------------++-------
  Melee: Dagger            ||     8
   Cast: Foxfire           ||     2
  Dodge: Dodged            ||     6
